 Dungeon Crawl Stone Soup version 0.20-a0-495-g2241292 (webtiles) character file.

18898 nubinia the Covert (level 12, -4/66 HPs)
             Began as a Deep Elf Wizard on Jan 18, 2017.
             Was an Elder of Ashenzari.
             Slain by an orc knight
             ... wielding a cursed +0 great mace
              (21 damage)
             ... on level 2 of the Orcish Mines.
             The game lasted 01:25:51 (15349 turns).

nubinia the Covert (Deep Elf Wizard)               Turns: 15349, Time: 01:25:52

Health: -4/66      AC: 12    Str:  9    XL:     12   Next: 31%
Magic:  8/30       EV: 17    Int: 25    God:    Ashenzari [****..]
Gold:   174        SH:  7    Dex: 17    Spells: 22/35 levels left

rFire    + . .     SeeInvis +   l - +3 short sword (protect) (curse)
rCold    . . .     Gourm    +   e - +2 robe {MR+}
rNeg     . . .     Faith    .   s - +1 buckler of Ru's Righteous Anger {+Fly} (curse)
rPois    +         Spirit   .   X - +2 helmet {SInv} (curse)
rElec    .         Reflect  .   G - +1 cloak
rCorr    .         Harm     .   W - +2 pair of gloves
MR       ++...     Clarity  +   (no boots)
Stlth    +++++.....             U - amulet of Incredulity {Gourm rC+ Str+5} (curse)
Regen    0.3/turn               o - ring of fire (curse)
                                I - ring of poison resistance (curse)

@: repel missiles
A: no striking features
a: Curse Item, Scrying, Renounce Religion, Evoke Flight


You were on level 2 of the Orcish Mines.
You worshipped Ashenzari.
Ashenzari was greatly pleased with you.
You were very full.

You visited 4 branches of the dungeon, and saw 15 of its levels.

You collected 952 gold pieces.
You spent 778 gold pieces at shops.

Inventory:

Hand Weapons
 l - a cursed +3 short sword of protection (weapon)
 S - a +4 short sword
Armour
 b - a +0 hat
 e - a +2 robe of magic resistance (worn)
 s - the cursed +1 buckler of Ru's Righteous Anger (worn) {+Fly}
   (You found it on level 6 of the Dungeon)

   It lets you fly.
   It has a curse placed upon it.
 G - a +1 cloak (worn)
 W - a +2 pair of gloves (worn)
 X - a cursed +2 helmet of see invisible (worn)
Magical Staves
 r - an uncursed staff of fire
Jewellery
 a - an uncursed amulet of the gourmand
 o - a cursed ring of fire (right hand)
 I - a cursed ring of poison resistance (left hand)
 N - the ring of Xom's Absentmindedness {Ice Str-3 Int+2 Slay+6}
   (You found it on level 8 of the Dungeon)

   [ring of ice]

   It enhances your ice magic.
   It affects your strength (-3).
   It affects your intelligence (+2).
   It affects your accuracy and damage with ranged weapons and melee attacks
   (+6).
   It makes you vulnerable to fire.
   It protects you from cold.
 U - the cursed amulet of Incredulity (around neck) {Gourm rC+ Str+5}
   (You bought it in a shop on level 5 of the Dungeon)

   [amulet of the gourmand]

   It allows you to eat raw meat even when not hungry.
   It affects your strength (+5).
   It protects you from cold.
   It has a curse placed upon it.
Wands
 y - a wand of digging (19/24)
 D - a wand of flame (14/48)
 J - a wand of polymorph (8/24)
 O - a wand of random effects (22/48)
 R - a wand of enslavement (6/24)
 T - a wand of confusion (30/48)
 Y - a wand of flame (21/48)
Scrolls
 g - a scroll of magic mapping
 k - 2 scrolls of amnesia
 v - 2 scrolls of remove curse
 B - a scroll of holy word
 C - 4 scrolls of teleportation
 F - a scroll of blinking
 M - a scroll of recharging
Potions
 f - 2 potions of flight
 h - 2 potions of curing
 j - 3 potions of haste
 m - a potion of brilliance {unknown}
 n - a potion of magic {unknown}
 p - a potion of cure mutation {unknown}
 q - 4 potions of agility
 t - 2 potions of heal wounds {unknown}
 w - 3 potions of might {unknown}
 x - 3 potions of mutation
 z - 5 potions of berserk rage
 A - 2 potions of cancellation
 K - a potion of lignification
 P - 2 potions of invisibility
 Z - a potion of resistance {unknown}
Books
 c - a book of Minor Magic

   Spells                             Type                      Level
   a - Magic Dart                     Conjuration                  1
   b - Blink                          Translocation                2
   c - Call Imp                       Summoning                    2
   d - Repel Missiles                 Charms/Air                   2
   e - Slow                           Hexes                        2
   f - Conjure Flame                  Conjuration/Fire             3
   g - Mephitic Cloud                 Conjuration/Poison/Air       3
 Q - a Young Poisoner's Handbook

   Spells                             Type                      Level
   a - Sting                          Conjuration/Poison           1
   b - Poisonous Vapours              Poison/Air                   2
   c - Mephitic Cloud                 Conjuration/Poison/Air       3
   d - Olgreb's Toxic Radiance        Poison                       4
   e - Venom Bolt                     Conjuration/Poison           5
Comestibles
 d - 6 bread rations
 i - 3 beef jerkies
 u - a slice of pizza
 E - 5 meat rations
 L - a royal jelly
 V - 3 fruits


   Skills:
 + Level 4.2 Fighting
 + Level 9.2(12.5) Short Blades
 + Level 7.7 Dodging
 + Level 12.2 Stealth
 + Level 3.2(5.2) Shields
 + Level 12.0 Spellcasting
 + Level 9.0(12.3) Conjurations
   Level 1.1(3.1) Summonings
 + Level 1.1(3.1) Translocations
 + Level 0.4(1.7) Fire Magic
 + Level 4.6(8.0) Air Magic
 - Level 2.0(4.6) Poison Magic
 + Level 0.4(1.7) Evocations


You had 22 spell levels left.
You knew the following spells:

 Your Spells              Type           Power        Failure   Level  Hunger
a - Magic Dart            Conj           ####         1%          1    None
b - Blink                 Tloc           N/A          1%          2    None
c - Mephitic Cloud        Conj/Pois/Air  ######..     1%          3    None
d - Conjure Flame         Conj/Fire      ######..     1%          3    None
e - Poisonous Vapours     Pois/Air       #####.       1%          2    None
r - Repel Missiles        Chrm/Air       #####.       1%          2    None


Dungeon Overview and Level Annotations

Branches:
Dungeon (10/15)            Temple (1/1) D:7            Lair (2/6) D:10
    Orc (2/2) D:10            Elf (0/3) Orc:2
  Swamp: Lair:2-4    Shoals: Lair:2-4     Snake: Lair:2-4    Spider: Lair:2-4

Altars:
Ashenzari
Cheibriados
Dithmenos
Elyvilon
Fedhas
Gozag
Hepliaklqana
Kikubaaqudgha
Makhleb
Nemelex Xobeh
Okawaru
Qazlal
Ru
Sif Muna
Trog
Uskayaw
Vehumet
Xom
Yredelemnul
Zin
The Shining One

Shops:
D:5 =   Orc:2 !

Annotations:
D:9 Snorg


Message History

An orc comes into view. It is wielding a club.
There is a stone staircase leading down here.
Unknown command.
You block the orc warrior's attack.
The orc throws a tomahawk of returning.
You block the tomahawk of returning.
The weapon returns to the orc!
The ogre barely misses you.
You climb downwards.
There is a stone staircase leading up here.
Unknown command.
The orc knight roars a battlecry!
The orc warrior goes into a battle-frenzy!
The orc warrior closely misses you. The ogre hits you with a giant club!!
* * * LOW HITPOINT WARNING * * *
Unknown command.
You block the orc warrior's attack.
Things that are here:
an uncursed chain mail; a +0 short sword; an orc skeleton
There is a stone staircase leading up here.
The orc knight hits you with an enchanted great mace!!
You die...

(..))#######...(#.# #.........
..#..o.)..(..(....## ####........
.###.#._)..........###....∩......
.#####.[...)(#......###......#...
..##.#...)...##.[...##......###..
...#........##....[..#.....## ##.
..........#####oO.........## #..
.........### ##o........## ###
#..........####.@.........#### #.
##..........##............)#.###.
#####.#.......)......^..........
#..#.....>....##.............
######........##.#...........
#..........#####..........
###.......## ###.......#
#......## #......## ##......
##.....##


You could see an orc knight, an orc warrior and an ogre.

Vanquished Creatures
  A hydra (Lair:1)
  Harold (Lair:1)
  A centaur warrior (Orc:2)
  A two-headed ogre (Orc:1)
  An orc knight (Orc:2)
  An ugly thing (D:9)
  Maurice (D:10)
  2 black mambas (Lair:1)
  A spiny frog (Lair:1)
  Psyche (D:10)
  3 komodo dragons (Lair:1)
  4 trolls
  A hippogriff (D:8)
  Sigmund (D:6)
  20 yaks
  2 wyverns (D:10)
  A basilisk (Lair:1)
  A hungry ghost (D:7)
  2 wargs
  An acid dragon (D:10)
  2 porcupines (Lair:1)
  6 water moccasins (Lair:1)
  21 orc warriors
  3 phantoms
  2 ice beasts
  2 black bears
  A necrophage (D:10)
  A sky beast (D:8)
  8 ogres
  5 centaurs
  7 crocodiles
  3 big kobolds
  6 bullfrogs
  A water moccasin zombie (D:7)
  6 scorpions
  3 howler monkeys
  5 crimson imps
  5 hounds
  4 orc priests
  3 centaur skeletons
  3 jellies (D:9)
  A gnoll shaman (D:5)
  3 iguanas
  3 bullfrog skeletons
  22 orc wizards
  12 worker ants
  2 killer bee zombies
  A hound zombie (D:9)
  2 hound skeletons
  2 howler monkey skeletons
  18 gnolls
  10 adders
  An ooze (D:2)
  2 worms
  2 adder zombies (D:8)
  5 dart slugs
  6 leopard geckos
  45 orcs
  4 giant cockroaches
  5 goblins
  8 hobgoblins
  10 jackals
  23 kobolds
  6 quokkas
  A ball python (D:5)
  6 bats
  4 frilled lizards
  A jackal skeleton (D:6)
  A leopard gecko skeleton (D:5)
  3 rats
353 creatures vanquished.

Vanquished Creatures (others)
  A gnoll (D:7)
  A fungus (Lair:1)
2 creatures vanquished.

Grand Total: 355 creatures vanquished

Notes
Turn   | Place    | Note
-------+----------+-------------------------------------------
     0 | D:1      | nubinia the Deep Elf Wizard began the quest for the Orb.
     0 | D:1      | Reached XP level 1. HP: 10/10 MP: 7/7
   248 | D:1      | Reached XP level 2. HP: 15/15 MP: 4/9
   320 | D:1      | Learned a level 2 spell: Repel Missiles
   367 | D:1      | Learned a level 2 spell: Blink
   600 | D:1      | Reached skill level 5 in Spellcasting
   857 | D:2      | Reached XP level 3. HP: 19/19 MP: 1/11
  1485 | D:3      | Found a sacrificial altar of Ru.
  1775 | D:3      | Learned a level 3 spell: Mephitic Cloud
  1779 | D:3      | Learned a level 3 spell: Conjure Flame
  2138 | D:3      | Found a faded altar of an unknown god.
  2146 | D:3      | Reached XP level 4. HP: 24/24 MP: 13/13
  2570 | D:4      | Reached skill level 1 in Short Blades
  2678 | D:4      | Reached XP level 5. HP: 28/28 MP: 3/15
  3059 | D:4      | Reached XP level 6. HP: 19/32 MP: 5/17
  3202 | D:4      | Reached skill level 1 in Poison Magic
  3809 | D:4      | Reached skill level 1 in Air Magic
  3971 | D:5      | Entered Level 5 of the Dungeon
  4019 | D:5      | Found a shattered altar of Ashenzari.
  4023 | D:5      | Became a worshipper of Ashenzari the Shackled
  4074 | D:5      | Reached XP level 7. HP: 26/36 MP: 4/19
  4205 | D:5      | Found Yptienic's Jewellery Boutique.
  4238 | D:5      | Found a bloodstained altar of Trog.
  4590 | D:5      | Reached skill level 5 in Stealth
  4731 | D:5      | Found a deep blue altar of Sif Muna.
  4792 | D:5      | Found an iron altar of Okawaru.
  4891 | D:5      | Reached skill level 5 in Conjurations
  5075 | D:6      | Reached * piety under Ashenzari
  5094 | D:6      | Reached skill level 1 in Fighting
  5235 | D:6      | Reached XP level 8. HP: 43/43 MP: 3/21
  5372 | D:6      | Got the uncursed buckler of Ru's Righteous Anger {+Fly}
  5378 | D:6      | Identified the +1 buckler of Ru's Righteous Anger {+Fly} (You found it on level 6 of the Dungeon)
  5482 | D:6      | Noticed Sigmund
  5648 | D:6      | Killed Sigmund
  5950 | D:6      | Found a stormy altar of Qazlal.
  5950 | D:6      | Found a bloodstained altar of Trog.
  5970 | D:6      | Reached skill level 1 in Shields
  6494 | D:7      | Reached XP level 9. HP: 36/48 MP: 13/24
  6612 | D:7      | Found a basalt altar of Yredelemnul.
  6784 | D:7      | Noticed a dagger
  6784 | D:7      | Noticed a dagger
  6832 | D:7      | Reached skill level 5 in Dodging
  6834 | D:7      | Found a hide-covered altar of Uskayaw.
  7066 | D:7      | Reached skill level 10 in Spellcasting
  7322 | D:7      | Reached skill level 5 in Short Blades
  7327 | D:7      | Reached ** piety under Ashenzari
  7446 | D:7      | Found a staircase to the Ecumenical Temple.
  7651 | D:7      | Found a glowing silver altar of Zin.
  7791 | D:8      | Identified the ring of Xom's Absentmindedness {Ice Str-3 Int+2 Slay+6}
  7917 | D:8      | Reached XP level 10. HP: 54/54 MP: 11/26
  8049 | D:8      | Learned a level 2 spell: Poisonous Vapours
  8207 | D:8      | Noticed a two-headed ogre
  8544 | D:8      | Found a hazy altar of Hepliaklqana.
  8546 | D:8      | Found a shadowy altar of Dithmenos.
  9102 | D:9      | Reached *** piety under Ashenzari
  9777 | D:10     | Entered Level 10 of the Dungeon
  9857 | D:10     | Noticed Snorg
  9857 | D:10     | Noticed a cyan ugly thing
  9881 | D:9      | Killed a cyan ugly thing
  9968 | Temple   | Entered the Ecumenical Temple
 10383 | D:10     | Noticed Psyche
 10981 | D:10     | Found a staircase to the Orcish Mines.
 10990 | Orc:1    | Entered Level 1 of the Orcish Mines
 11061 | Orc:1    | Noticed a two-headed ogre
 11077 | Orc:1    | Killed a two-headed ogre
 11077 | Orc:1    | Reached XP level 11. HP: 60/60 MP: 17/27
 11286 | Orc:1    | Reached skill level 10 in Stealth
 12105 | D:5      | Bought the amulet of Incredulity {Gourm rC+ Str+5} for 708 gold pieces
 12186 | D:10     | Noticed Maurice
 12226 | D:10     | Killed Maurice
 12332 | D:10     | Killed Psyche
 12427 | D:10     | Reached **** piety under Ashenzari
 13077 | D:10     | Found a staircase to the Lair.
 13082 | Lair:1   | Entered Level 1 of the Lair of Beasts
 13082 | Lair:1   | Noticed Harold
 13082 | Lair:1   | Noticed a four-headed hydra
 13086 | Lair:1   | Killed Harold
 13218 | Lair:1   | Killed a four-headed hydra
 13661 | Lair:1   | HP: 3/60 [black mamba (9)]
 13962 | Lair:1   | Reached XP level 12. HP: 66/66 MP: 29/29
 14759 | Lair:2   | Noticed a five-headed hydra
 14797 | Lair:2   | Identified a scroll of acquirement
 14922 | Orc:2    | Entered Level 2 of the Orcish Mines
 14922 | Orc:2    | Found a staircase to the Elven Halls.
 14937 | Orc:2    | Found Siuj's Distillery.
 14969 | Orc:2    | Bought 2 potions of mutation for 70 gold pieces
 15128 | Orc:2    | Found a bloodstained altar of Trog.
 15191 | Orc:2    | Noticed a centaur warrior
 15202 | Orc:2    | Killed a centaur warrior
 15339 | Orc:1    | Noticed an orc high priest
 15349 | Orc:2    | Slain by an orc knight

Vault maps used:
D:1:      roderic_dead_forest
D:2:      first_bread
D:3:      lemuel_doored_altar, chequers_ecumenical_altar_simple_redux
D:4:      minmay_surrounded
D:5:      ashenzari_altar_1, serial_shops, kennysheep_mini,
          hangedman_feature_mirror, led_sif_pool
D:6:      gammafunk_temple_overflow_elements, kennysheep_generic_room_16,
          uniq_sigmund
D:7:      nicolae_overflow_crystal_walls, dancing_weapons_uskayaw, zin_treasury,
          dk_noncrumbling_3
D:8:      minitemple
D:10:     erik_lair_dragon, uniq_snorg, uniq_maurice, uniq_psyche
Temple:   hc_temple_tempest_star
Lair:1:   minmay_guarded_unrand_snakebite, columned_hall_lemuel, uniq_harold
Lair:2:   minmay_lair_oklob_bushes, ice2_lemuel, serial_bayou_shore_b
Orc:1:    minmay_orc_keep
Orc:2:    st_orc_rangers, serial_shops, shop, nicolae_orc_stony_grotto,
          bloody_trog

Skill      XL: |  1  2  3  4  5  6  7  8  9 10 11 12 |
---------------+-------------------------------------+-----
Spellcasting   | 5 6 7 9 10 11 12 | 12.0
Conjurations   | 2 3 4 5 6 7 8 9 |  9.0
Short Blades   | 1 2 4 5 7 8 9 |  9.2
Stealth        | 3 4 5 6 7 9 11 12 | 12.2
Dodging        | 3 4 5 6 7 |  7.7
Poison Magic   | 1 2 |  2.0
Air Magic      | 1 3 4 |  4.6
Fighting       | 1 2 3 4 |  4.2
Shields        | 1 2 3 |  3.2
Summonings     | |  1.1
Translocations | |  1.1
Fire Magic     | |  0.4
Evocations     | |  0.4

Action                   |  1- 3 |  4- 6 |  7- 9 | 10-12 || total
-------------------------+-------+-------+-------+-------++-------
Melee: Short sword       |    40 |    48 |   344 |   742 ||  1174
 Cast: Magic Dart        |    98 |   114 |   205 |   260 ||   677
       Repel Missiles    |     2 |       |       |     1 ||     3
       Mephitic Cloud    |       |    11 |    41 |    82 ||   134
       Conjure Flame     |       |       |     7 |     9 ||    16
       Poisonous Vapours |       |       |       |     1 ||     1
Invok: Curse Item        |       |     1 |     3 |     1 ||     5
 Abil: Evoke Flight      |       |       |       |     2 ||     2
Evoke: Wand              |       |     1 |       |     2 ||     3
  Use: Scroll            |     1 |     4 |    10 |     7 ||    22
       Potion            |       |     1 |       |     5 ||     6
 Stab: Sleeping          |     2 |     1 |     4 |    13 ||    20
       Confused          |       |     4 |    29 |    78 ||   111
       Invisible         |       |     2 |       |       ||     2
       Distracted        |       |       |     1 |     1 ||     2
  Eat: Chunk             |     4 |     6 |    13 |    33 ||    56
       Fruit             |       |       |       |     1 ||     1
Armor: Robe              |     6 |     5 |    64 |    85 ||   160
Dodge: Dodged            |    29 |    42 |   129 |   314 ||   514
       Deflected         |     1 |     1 |       |     7 ||     9
Block: Buckler           |       |       |    37 |   117 ||   154
